 Dungeon Crawl Stone Soup version 0.27.0-66-gdc8fb28755 (webtiles) character file.

Game seed: 6306993289291793848

93 Malachi the Chopper (level 4, -2/42 HPs)
             Began as a Deep Dwarf Berserker on Aug 20, 2021.
             Was a Follower of Trog.
             Slain by a gnoll (4 damage)
             ... on level 2 of the Dungeon.
             The game lasted 00:03:09 (2103 turns).

Malachi the Chopper (Deep Dwarf Berserker)          Turns: 2103, Time: 00:03:10

Health: -2/42      AC:  5    Str: 22    XL:     4   Next: 36%
Magic:  13/13 (4)  EV: 12    Int:  7    God:    Trog [*.....]
Gold:   41         SH:  0    Dex: 12    Spells: 3/3 levels left

rFire    . . .     SeeInvis .   a - +0 hand axe
rCold    . . .     Faith    .   (no shield)
rNeg     . . .     Spirit   .   g - +2 animal skin
rPois    .         Reflect  .   f - +0 helmet
rElec    .         Harm     .   (no cloak)
rCorr    .         Rampage  .   (no gloves)
Will     ++...                  (no boots)
Stlth    ++........             (no amulet)
HPRegen  1.00/turn              c - ring of magical power
MPRegen  0.13/turn              (no ring)

@: strong-willed, on berserk cooldown, regenerating, slowed, very slow
A: damage resistance, heal wounds, sense surroundings 1, no regeneration
a: Heal Wounds, Renounce Religion, Berserk


You were on level 2 of the Dungeon.
You worshipped Trog.
Trog was aware of your devotion.
You visited 1 branch of the dungeon, and saw 2 of its levels.

You collected 41 gold pieces.

Inventory:

Hand Weapons
 a - a +0 hand axe (weapon)
Armour
 f - a +0 helmet (worn)
 g - a +2 animal skin (worn)
Jewellery
 c - a ring of magical power (left hand)
Scrolls
 b - a scroll of vulnerability {unknown}
 d - a scroll of immolation {unknown}
 e - 2 scrolls of enchant armour {unknown}
 i - a scroll of identify {unknown}
 j - a scroll of fear {unknown}
Potions
 h - a potion of heal wounds {unknown}


   Skills:
 + Level 3.3 Fighting
 + Level 4.2 Axes
 + Level 2.5 Armour
 + Level 3.0 Dodging
 + Level 1.6 Stealth


You had 3 spell levels left.
You didn't know any spells.
Your spell library was empty.

Dungeon Overview and Level Annotations

Branches:
Dungeon (2/15)

Altars:


Innate Abilities, Weirdness & Mutations

You are resistant to damage.
You can heal yourself by infusing magical energy.
You passively map a small area around you.
You do not regenerate.


Message History

You hit the gnoll.
The gnoll hits you from afar with a +0 spear!
The gnoll closely misses you. The gnoll hits you with a +0 whip.
The gnoll hits you from afar with a +0 spear. x2
The gnoll hits you with a +0 club. The gnoll hits you with a +0 whip.
You hit the gnoll.
The gnoll is severely wounded.
You hit the gnoll. The gnoll closely misses you.
The gnoll hits you but does no damage. x2; The gnoll hits you with a +0 whip.
The gnoll hits you from afar with a +0 spear.
* * * LOW HITPOINT WARNING * * *
The gnoll barely misses you.
Your skin crawls.
You feel strong-willed. The gnoll closely misses you.
The gnoll hits you with a +0 whip.
* * * LOW HITPOINT WARNING * * *
The gnoll hits you from afar with a +0 spear. x2
* * * LOW HITPOINT WARNING * * *
The gnoll hits you with a +0 club.
* * * LOW HITPOINT WARNING * * *
The gnoll barely misses you. The gnoll hits you but does no damage.
You barely miss the gnoll.
The gnoll is severely wounded.
You hit the gnoll but do no damage.
The gnoll hits you from afar with a +0 spear.
* * * LOW HITPOINT WARNING * * *
The gnoll closely misses you. The gnoll hits you but does no damage.
The gnoll misses you. The gnoll completely misses you.
The gnoll hits you with a +0 club.
* * * LOW HITPOINT WARNING * * *
The gnoll hits you with a +0 whip!
* * * LOW HITPOINT WARNING * * *
You can no longer call upon Trog for regeneration and willpower.
Unknown command.
You hit the gnoll.
You kill the gnoll!
Trog accepts your kill.
You hit the gnoll. The gnoll closely misses you. The gnoll barely misses you.
The gnoll hits you with a +0 club!
You die...

* * *, * * * * , * ,* ##
* * * * .. , , , ,, , *
#.################## * *
*#.)@................ ,
.....gg###############..
......g #......#.# * **
####### * #......#.# * *
###......#.# ,
............ * * ,, , *
##......#.# * ,
#......#..
#####......###


You could see 3 gnolls.

Vanquished Creatures
  Robin (D:2)
  2 gnolls
  2 adders (D:2)
  2 dart slugs (D:1)
  3 endoplasms (D:1)
  11 goblins
  5 hobgoblins
  3 jackals (D:2)
  A quokka (D:2)
  3 ball pythons
  6 bats (D:1)
  A frilled lizard (D:1)
  4 kobolds
  4 rats (D:1)
48 creatures vanquished.

Notes
Turn   | Place    | Note
-------+----------+-------------------------------------------
     0 | D:1      | Malachi the Deep Dwarf Berserker began the quest for the
                  | Orb.
     0 | D:1      | Reached XP level 1. HP: 20/20 MP: 1/1
   264 | D:1      | Found a faded altar of an unknown god.
   299 | D:1      | Reached XP level 2. HP: 27/27 MP: 2/2
   759 | D:1      | Reached ** piety under Trog
   782 | D:1      | Reached XP level 3. HP: 15/34 MP: 3/3
  1024 | D:2      | Noticed Robin
  1033 | D:2      | Reached skill level 1 in Stealth
  1038 | D:2      | Killed Robin
  1039 | D:2      | Reached skill level 4 in Axes
  1052 | D:2      | Reached XP level 4. HP: 28/42 MP: 4/4
  2102 | D:2      | HP: 1/42 [gnoll (6)]
  2103 | D:2      | Slain by a gnoll

Illustrated notes

Levels and vault maps discovered:
D:1:      dpeg_arrival_circle_labyrinth_a, layout_basic,
          ebering_ecumenical_altar_petrified, chequers_jeans
D:2:      layout_basic, basic_altar, uniq_robin

Skill      XL: |  1  2  3  4 |
---------------+-------------+-----
Fighting       | 3 |  3.3
Stealth        | 1 |  1.6
Axes           | 4 |  4.2
Dodging        | 3 |  3.0
Armour         | |  2.5

Action                   |  1- 3 |  4- 6 || total
-------------------------+-------+-------++-------
Melee: Hand axe          |    70 |    23 ||    93
Invok: Berserk           |     4 |     4 ||     8
       Trog's Hand       |     1 |     3 ||     4
 Stab: Sleeping          |     2 |       ||     2
Armor: Animal skin       |    13 |    11 ||    24
Dodge: Dodged            |    43 |    30 ||    73
